 Dungeon Crawl Stone Soup version 0.21.0-24-g2553a33 (webtiles) character file.

698 tidbits the Charmwright (level 7, -15/56 HPs)
             Began as a Gnoll Skald on Jan 20, 2018.
             Was a Follower of Cheibriados.
             Demolished by a gnoll sergeant
             ... wielding a +0 glaive
              (22 damage)
             ... in a bailey.
             The game lasted 00:12:03 (1018 turns).

tidbits the Charmwright (Gnoll Skald)               Turns: 1018, Time: 00:12:04

Health: -15/56     AC:  4    Str: 15    XL:     7   Next: 65%
Magic:  2/15       EV: 15    Int: 19    God:    Cheibriados [*.....]
Gold:   112        SH:  5    Dex: 17    Spells: 7/17 levels left

rFire    + . .     SeeInvis .   a - +0 war axe
rCold    . . .     Gourm    .   (no shield)
rNeg     . . .     Faith    .   b - +0 leather armour
rPois    .         Spirit   .   (no helmet)
rElec    .         Reflect  +   (no cloak)
rCorr    .         Harm     .   G - +0 pair of gloves
MR       .....                  (no boots)
Stlth    ++........             s - +5 amulet of reflection
HPRegen  1.18/turn              i - ring of protection from fire
MPRegen  0.14/turn              (no ring)

@: very slightly contaminated, regenerating, very slow
A: distributed training, fangs 1, strong nose
a: Bend Time, Renounce Religion


You were in a bailey.
You worshipped Cheibriados.
Cheibriados was aware of your devotion.
You were full.

You visited 2 branches of the dungeon, and saw 8 of its levels.
You also visited: Bailey.

You collected 112 gold pieces.

Inventory:

Hand Weapons
 a - a +0 war axe (weapon)
 l - a +0 hand axe
 m - a +0 dagger
Armour
 b - a +0 leather armour (worn)
 o - a +0 ring mail
 G - a +0 pair of gloves (worn)
Jewellery
 i - a ring of protection from fire (left hand)
   (You found it on level 3 of the Dungeon)
 s - a +5 amulet of reflection (around neck)
   (You found it on level 6 of the Dungeon)
Scrolls
 j - 2 scrolls of immolation
Books
 c - a book of Battle

   Spells                             Type                      Level
   a - Infusion                       Charms                       1
   b - Shroud of Golubria             Charms/Translocation         2
   c - Song of Slaying                Charms                       2
   d - Spectral Weapon                Hexes/Charms                 3
   e - Regeneration                   Charms/Necromancy            3
Comestibles
 d - 6 rations


   Skills:
 + Level 5.3 Fighting
 + Level 2.5 Short Blades
 + Level 2.5 Long Blades
 + Level 5.3 Axes
 + Level 2.5 Maces & Flails
 + Level 2.5 Polearms
 + Level 2.5 Staves
 + Level 2.5 Slings
 + Level 2.5 Bows
 + Level 2.5 Crossbows
 + Level 2.5 Throwing
 + Level 3.7 Armour
 + Level 5.3 Dodging
 + Level 2.5 Stealth
 + Level 2.5 Shields
 + Level 2.5 Unarmed Combat
 + Level 5.6 Spellcasting
 + Level 2.1 Conjurations
 + Level 2.1 Hexes
 + Level 5.8 Charms
 + Level 2.1 Summonings
 + Level 2.1 Necromancy
 + Level 2.1 Translocations
 + Level 2.1 Transmutations
 + Level 2.1 Fire Magic
 + Level 2.1 Ice Magic
 + Level 2.1 Air Magic
 + Level 2.1 Earth Magic
 + Level 2.1 Poison Magic
 + Level 2.8 Invocations
 + Level 2.5 Evocations


You had 7 spell levels left.
You knew the following spells:

 Your Spells              Type           Power        Failure   Level  Hunger
g - Shroud of Golubria    Chrm/Tloc      ###.......   4%          2    None
r - Regeneration          Chrm/Necr      ###.......   9%          3    ##.....
w - Spectral Weapon       Hex/Chrm       ###.....     9%          3    ##.....
y - Song of Slaying       Chrm           ####....     1%          2    None


Dungeon Overview and Level Annotations

Branches:
Dungeon (7/15)             Temple (1/1) D:6

Altars:
Ashenzari
Cheibriados
Dithmenos
Elyvilon
Fedhas
Kikubaaqudgha
Makhleb
Nemelex Xobeh
Qazlal
Ru
Trog
Wu Jian


Innate Abilities, Weirdness & Mutations

Your experience applies equally to all skills.
You have very sharp teeth.
Your uncanny sense of smell can sniff out nearby items.


Message History

Really fire
n - 3 throwing nets {!f}?
Press: ? - help, Shift-Dir - straight line, f - gnoll sergeant
Aim: a gnoll sergeant, wielding a glaive and wearing a chain mail You throw a throwing net {!f}.
The throwing net {!f} barely misses the gnoll sergeant.
Fire/throw which item? (* to show all) (? for menu, Esc to quit)
Really fire
n - 2 throwing nets {!f}?
Press: ? - help, Shift-Dir - straight line, f/p - gnoll sergeant
Aim: a gnoll sergeant, wielding a glaive and wearing a chain mail You throw a throwing net {!f}.
The throwing net {!f} hits the gnoll sergeant.
The gnoll sergeant is caught in the net!
The gnoll sergeant struggles against the net.
The gnoll sergeant struggles against the net.
You block the gnoll's attack. The gnoll barely misses you.
You block the gnoll's attack.
The gnoll sergeant struggles against the net.
Things that are here:
a spear; a ring mail; a gnoll corpse Unknown command.
You slash the gnoll sergeant!
You bite the gnoll sergeant, but do no damage.
The gnoll sergeant is moderately wounded.
Your spectral weapon hits the gnoll sergeant but does no damage.
The gnoll barely misses you. You block the gnoll's attack.
The gnoll misses you.
The gnoll sergeant struggles against the net.
You hit the gnoll sergeant but do no damage.
You bite the gnoll sergeant, but do no damage.
The gnoll sergeant is moderately wounded.
Your spectral weapon hits the gnoll sergeant but does no damage.
The gnoll closely misses you. The gnoll misses you.
The gnoll sergeant struggles against the net.
The net rips apart, and the gnoll sergeant comes free!
The gnoll completely misses you.
You feel better. The gnoll barely misses you. The gnoll sergeant misses you.
You block the gnoll's attack. The gnoll closely misses you.
Unknown command.
You aren't carrying any potions.
Unknown command.
Unknown command.
Unknown command.
You aren't carrying any potions.
Unknown command.
You hit the gnoll sergeant.
The gnoll sergeant is heavily wounded.
Your spectral weapon hits the gnoll sergeant.
The gnoll misses you.
The gnoll hits you from afar with a trident.
* * * LOW HITPOINT WARNING * * *
The gnoll sergeant hits you but does no damage.
The gnoll hits you from afar with a halberd.
* * * LOW HITPOINT WARNING * * *
You block the gnoll's attack.
Unknown command.
Blink to where?
Press: ? - help, Dir - move target cursor, p - gnoll sergeant You are very lightly contaminated with residual magic.
As you read the scroll of blinking, it crumbles to dust.
You feel your bond with your spectral weapon wane.
Unknown command.
Casting: Spectral Weapon
Confirm with . or Enter, or press ? or * to list all spells.
Your skin crawls.
Okay, then.
Your skin is crawling a little less now.
Your skin stops crawling.
You aren't carrying any items that you can evoke.
Unknown command.
You aren't carrying any potions.
Unknown command.
Casting: Regeneration
Confirm with . or Enter, or press ? or * to list all spells.
Your skin crawls.
The gnoll sergeant hits you but does no damage.
Unknown command.
The gnoll sergeant hits you with a glaive.
* * * LOW HITPOINT WARNING * * *
The gnoll barely misses you. x2
Unknown command.
Fire/throw which item? (* to show all) (? for menu, Esc to quit)
Really fire
n - a throwing net {!f}?
Press: ? - help, Shift-Dir - straight line, f - gnoll
Aim: a gnoll, wielding a halberd and wearing a chain mail You throw a throwing net {!f}.
The throwing net {!f} barely misses the gnoll sergeant.
The throwing net {!f} hits the gnoll.
The gnoll is caught in the net!
The gnoll hits you from afar with a trident!
* * * LOW HITPOINT WARNING * * *
The gnoll sergeant completely misses you.
The gnoll struggles against the net.
Unknown command.
You hit the gnoll sergeant but do no damage.
Your bite misses the gnoll sergeant.
The gnoll sergeant is severely wounded.
The gnoll hits you from afar with a spear.
* * * LOW HITPOINT WARNING * * *
You block the gnoll's attack.
The gnoll struggles against the net.
The gnoll sergeant hits you with a glaive!!
You die...

#∩..∩..†)..g..g(gg.8..
#♣♣♣.......').(#g..$..
♣♣...≈..##### .....
♣...≈..# ...#
♣...≈..#∆ ###
♣♣..≈..#∆ ♣♣.≈gg#∆
♣.≈gg### ♣♣≈≈.@.#
♣♣≈≈≈≈≈≈≈≈≈≈≈
♣♣♣♣♣♣♣♣♣♣♣♣


You could see a gnoll sergeant and 3 gnolls.

Vanquished Creatures
  An ogre (D:6)
  Blork the orc (D:5)
  A gnoll sergeant (Bailey)
  5 hounds
  A bullfrog zombie (D:5)
  A jelly (D:6)
  A centaur skeleton (D:7)
  A gnoll shaman (Bailey)
  2 orc wizards (D:7)
  Natasha (D:3)
  A hound skeleton (D:5)
  6 gnolls
  2 adders
  A shadow imp (D:5)
  An ooze (D:6)
  3 dart slugs
  3 orcs
  A giant cockroach (D:1)
  4 goblins
  2 hobgoblins (D:3)
  A quokka (D:5)
  A ball python (D:1)
  2 bats
  A frilled lizard (D:2)
  3 kobolds
  A rat (D:1)
48 creatures vanquished.

Notes
Turn   | Place    | Note
-------+----------+-------------------------------------------
     0 | D:1      | tidbits the Gnoll Skald began the quest for the Orb.
     0 | D:1      | Reached XP level 1. HP: 20/20 MP: 6/6
   114 | D:1      | Reached XP level 2. HP: 26/26 MP: 3/7
   124 | D:1      | Learned a level 2 spell: Song of Slaying
   127 | D:1      | Learned a level 2 spell: Shroud of Golubria
   168 | D:3      | Noticed Natasha
   177 | D:3      | Killed Natasha
   177 | D:3      | Reached skill level 5 in Spellcasting
   177 | D:3      | Reached XP level 3. HP: 19/31 MP: 1/9
   182 | D:3      | Learned a level 3 spell: Regeneration
   186 | D:3      | Learned a level 3 spell: Spectral Weapon
   215 | D:2      | Reached skill level 1 in Invocations
   252 | D:3      | Reached skill level 1 in Short Blades
   252 | D:3      | Reached skill level 1 in Long Blades
   252 | D:3      | Reached skill level 1 in Maces & Flails
   252 | D:3      | Reached skill level 1 in Polearms
   252 | D:3      | Reached skill level 1 in Staves
   252 | D:3      | Reached skill level 1 in Slings
   252 | D:3      | Reached skill level 1 in Bows
   252 | D:3      | Reached skill level 1 in Crossbows
   252 | D:3      | Reached skill level 1 in Throwing
   252 | D:3      | Reached skill level 1 in Stealth
   252 | D:3      | Reached skill level 1 in Shields
   252 | D:3      | Reached skill level 1 in Unarmed Combat
   252 | D:3      | Reached skill level 1 in Evocations
   256 | D:3      | Reached XP level 4. HP: 37/38 MP: 0/11
   467 | D:5      | Entered Level 5 of the Dungeon
   496 | D:5      | Found a bloodstained altar of Trog.
   517 | D:5      | Reached skill level 1 in Conjurations
   517 | D:5      | Reached skill level 1 in Hexes
   517 | D:5      | Reached skill level 1 in Summonings
   517 | D:5      | Reached skill level 1 in Necromancy
   517 | D:5      | Reached skill level 1 in Translocations
   517 | D:5      | Reached skill level 1 in Transmutations
   517 | D:5      | Reached skill level 1 in Fire Magic
   517 | D:5      | Reached skill level 1 in Ice Magic
   517 | D:5      | Reached skill level 1 in Air Magic
   517 | D:5      | Reached skill level 1 in Earth Magic
   517 | D:5      | Reached skill level 1 in Poison Magic
   525 | D:5      | Reached XP level 5. HP: 43/43 MP: 9/12
   544 | D:5      | Noticed Blork the orc
   553 | D:5      | Killed Blork the orc
   553 | D:5      | Reached skill level 3 in Armour
   701 | D:6      | Reached skill level 2 in Invocations
   701 | D:6      | Reached XP level 6. HP: 20/50 MP: 1/13
   724 | D:6      | Found a staircase to the Ecumenical Temple.
   733 | Temple   | Entered the Ecumenical Temple
   744 | Temple   | Became a worshipper of Cheibriados the Contemplative
   767 | D:6      | Reached skill level 5 in Fighting
   767 | D:6      | Reached skill level 2 in Short Blades
   767 | D:6      | Reached skill level 2 in Long Blades
   767 | D:6      | Reached skill level 5 in Axes
   767 | D:6      | Reached skill level 2 in Maces & Flails
   767 | D:6      | Reached skill level 2 in Polearms
   767 | D:6      | Reached skill level 2 in Staves
   767 | D:6      | Reached skill level 2 in Slings
   767 | D:6      | Reached skill level 2 in Bows
   767 | D:6      | Reached skill level 2 in Crossbows
   767 | D:6      | Reached skill level 2 in Throwing
   767 | D:6      | Reached skill level 5 in Dodging
   767 | D:6      | Reached skill level 2 in Stealth
   767 | D:6      | Reached skill level 2 in Shields
   767 | D:6      | Reached skill level 2 in Unarmed Combat
   767 | D:6      | Reached skill level 2 in Evocations
   848 | D:7      | Reached XP level 7. HP: 49/56 MP: 8/15
   851 | D:7      | Found a blossoming altar of Fedhas.
   941 | D:7      | Found a flagged portal.
   957 | Bailey   | Entered a bailey
   965 | Bailey   | Reached * piety under Cheibriados
   965 | Bailey   | Reached skill level 2 in Conjurations
   965 | Bailey   | Reached skill level 2 in Hexes
   965 | Bailey   | Reached skill level 2 in Summonings
   965 | Bailey   | Reached skill level 2 in Necromancy
   965 | Bailey   | Reached skill level 2 in Translocations
   965 | Bailey   | Reached skill level 2 in Transmutations
   965 | Bailey   | Reached skill level 2 in Fire Magic
   965 | Bailey   | Reached skill level 2 in Ice Magic
   965 | Bailey   | Reached skill level 2 in Air Magic
   965 | Bailey   | Reached skill level 2 in Earth Magic
   965 | Bailey   | Reached skill level 2 in Poison Magic
  1018 | Bailey   | Demolished by a gnoll sergeant

Skill      XL: |  1  2  3  4  5  6  7 |
---------------+----------------------+-----
Spellcasting   | 5 |  5.6
Invocations    | 1 2 |  2.8
Short Blades   | 1 2 |  2.5
Long Blades    | 1 2 |  2.5
Maces & Flails | 1 2 |  2.5
Polearms       | 1 2 |  2.5
Staves         | 1 2 |  2.5
Slings         | 1 2 |  2.5
Bows           | 1 2 |  2.5
Crossbows      | 1 2 |  2.5
Throwing       | 1 2 |  2.5
Stealth        | 1 2 |  2.5
Shields        | 1 2 |  2.5
Unarmed Combat | 1 2 |  2.5
Evocations     | 1 2 |  2.5
Conjurations   | 1 2 |  2.1
Hexes          | 1 2 |  2.1
Summonings     | 1 2 |  2.1
Necromancy     | 1 2 |  2.1
Translocations | 1 2 |  2.1
Transmutations | 1 2 |  2.1
Fire Magic     | 1 2 |  2.1
Ice Magic      | 1 2 |  2.1
Air Magic      | 1 2 |  2.1
Earth Magic    | 1 2 |  2.1
Poison Magic   | 1 2 |  2.1
Armour         | 3 |  3.7
Fighting       | 5 |  5.3
Axes           | 5 |  5.3
Dodging        | 5 |  5.3
Charms         | |  5.8

Action                   |  1- 3 |  4- 6 |  7- 9 || total
-------------------------+-------+-------+-------++-------
Melee: Hand axe          |    41 |    12 |       ||    53
       Bite              |     3 |     1 |     8 ||    12
       War axe           |       |    34 |    24 ||    58
       Unarmed           |       |     7 |       ||     7
Throw: Throwing net      |       |       |     3 ||     3
 Cast: Infusion          |     6 |     1 |       ||     7
       Shroud of Golubri |     1 |     3 |       ||     4
       Regeneration      |     1 |     2 |     5 ||     8
       Spectral Weapon   |       |     7 |     4 ||    11
  Use: Scroll            |     1 |     3 |     7 ||    11
       Potion            |       |     2 |     3 ||     5
 Stab: Sleeping          |     1 |       |       ||     1
  Eat: Ration            |     1 |     1 |       ||     2
Armor: Leather armour    |    10 |    10 |     8 ||    28
       Skin              |       |    13 |       ||    13
Dodge: Dodged            |    25 |    23 |    51 ||    99
Block: Other             |       |     2 |    16 ||    18
       Reflection        |       |       |     1 ||     1

Table legend:
 A = Turns spent in this place as a percentage of turns spent in the entire game.
 B = Non-inter-level travel turns spent in this place as a percentage of non-inter-level travel turns spent in the entire game.
 C = Inter-level travel turns spent in this place as a percentage of turns spent in this place.
 D = Turns resting spent in this place as a percentage of non-inter-level travel turns spent in this place.
 E = Turns spent auto-exploring this place as a percentage of non-inter-level travel turns spent in this place.
 F = Non-inter-level travel turns spent in this place divided by the number of levels of this place that you've seen.
                   A       B       C       D       E      F
               +-------+-------+-------+-------+-------+----------------------
         Total | 100.0 | 100.0 |   2.4 |   1.2 |   2.9 | 110.4
       Dungeon |  91.7 |  92.6 |   1.5 |   1.3 |   3.2 | 131.4
        Temple |   2.3 |   1.3 |  43.5 |   0.0 |   0.0 |  13.0
        Bailey |   6.0 |   6.1 |   0.0 |   0.0 |   0.0 |  61.0
               +-------+-------+-------+-------+-------+----------------------

Table legend:
 A = Kills in this place as a percentage of kills in entire the game.
 B = Kills by you in this place as a percentage of kills by you in the entire game.
 C = Kills by friends in this place as a percentage of kills by friends in the entire game.
 D = Other kills in this place as a percentage of other kills in the entire game.
 E = Experience gained in this place as a percentage of experience gained in the entire game.
 F = Experience gained in this place divided by the number of levels of this place that you have seen.
                   A       B       C       D       E      F
               +-------+-------+-------+-------+-------+----------------------
         Total | 100.0 | 100.0 |   N/A |   N/A | 100.0 | 110.9
       Dungeon |  83.3 |  83.3 |   N/A |   N/A |  72.9 | 104.0
        Bailey |  16.7 |  16.7 |   N/A |   N/A |  27.1 | 270.0
               +-------+-------+-------+-------+-------+----------------------

Vault maps used:
D:1:      kilobyte_arrival_exit_the_forest
D:2:      old_standard_altar, chequers_ecumenical_altar_simple_redux,
          uniq_crazy_yiuf_cottage
D:3:      gammafunk_temple_overflow_elements, minmay_misc_feat_rows,
          uniq_natasha
D:4:      first_ration, serial_bayou_lagoon_a
D:5:      cheibrodos_fertilizer, nicolae_overflow_crystal_walls,
          zin_scriptorium, nicolae_overflow_quartered_altars, led_sif_book,
          uniq_blork_the_orc
D:6:      minmay_temple_entry_glass, chequers_ossuary_entry_cave, uniq_grinder,
          uniq_edmund
D:7:      enter_bailey_7, grunt_livestock, fedhas_altar_3
Temple:   cyrus_circular_temple
Bailey:   bailey_polearm_gnolls_kennysheep, bailey
